 Dungeon Crawl Stone Soup version 0.30-a0-949-g53dc5368d7 (webtiles) character file.

Game seed: 13205500056299508043

2355 toffzen the Cleaver (level 9, -8/118 HPs)
             Began as a Minotaur Berserker on Mar 26, 2023.
             Was a Priest of Trog.
             Mangled by a cyclops (25 damage)
             ... on level 7 of the Dungeon on Mar 27, 2023.
             The game lasted 00:07:39 (5742 turns).

toffzen the Cleaver (Minotaur Berserker)            Turns: 5742, Time: 00:07:39

Health: -8/118     AC: 11    Str: 23    XL:     9   Next: 20%
Magic:  8/8        EV:  9    Int:  4    God:    Trog [***...]
Gold:   432        SH:  0    Dex: 13    Spells: 8/8 levels left

rFire   . . .      SeeInvis .    p - +1 battleaxe
rCold   . . .      Faith    .    (shield currently unavailable)
rNeg    . . .      Spirit   .    h - +0 plate armour
rPois   .          Reflect  .    (helmet restricted)
rElec   .          Rampage  .    u - +0 cloak
rCorr   .                        w - +0 pair of gloves
Will    ++...                    (no boots) Stlth
                                 (no amulet)
HPRegen 1.39/turn                (no ring)
MPRegen 0.11/turn                (no ring)

@: berserking, strong-willed, corroded, regenerating, very quick
A: horns 2, retaliatory headbutt
a: Renounce Religion, Berserk, Trog's Hand


You were on level 7 of the Dungeon.
You worshipped Trog.
Trog was most pleased with you.
You visited 1 branch of the dungeon, and saw 7 of its levels.

You collected 432 gold pieces.

Inventory:

Hand Weapons
 c - a +0 spear of flaming
 e - a +0 war axe
 p - a +1 battleaxe (weapon)
Missiles
 d - 51 stones (quivered)
Armour
 h - a +0 plate armour (worn)
 t - a +0 kite shield
 u - a +0 cloak (worn)
 w - a +0 pair of gloves (worn)
 y - a +0 scale mail
Jewellery
 v - a ring of fire
Wands
 r - a wand of mindburst (16)
 s - a wand of paralysis (15)
Scrolls
 f - 3 scrolls of teleportation
 k - 2 scrolls of identify
 l - 2 scrolls of fear
 m - a scroll of poison
 o - a scroll of torment
 q - 2 scrolls of magic mapping
Potions
 a - a potion of lignification {unknown}
 b - a potion of degeneration {unknown}
 g - 4 potions of curing
 i - 2 potions of attraction {unknown}
 j - 3 potions of heal wounds {unknown}
 n - 2 potions of brilliance {unknown}


   Skills:
 + Level 7.6 Fighting
 * Level 10.0 Axes
 + Level 7.0 Armour
 + Level 6.4 Dodging


You had 8 spell levels left.
You didn't know any spells.
Your spell library was empty.

Dungeon Overview and Level Annotations

Branches:
Dungeon (7/15)             Temple (0/1) D:5

Altars:
Fedhas
Kikubaaqudgha
Qazlal
Ru
Yredelemnul
The Shining One

Shops:
D:2 :

Annotations:
D:4 2 transporters, Nepie's ghost, weakling SpDe
D:6 2 transporters, Armakuni's ghost, novice HuAr


Innate Abilities, Weirdness & Mutations

You have a pair of horns on your head.
You reflexively headbutt those who attack you in melee.


Message History

The acid dragon spits acid at you. The splash of acid hits you!!
The acid corrodes you!
You hear a loud, deep croak!
Your skin crawls.
You feel strong-willed.
The acid dragon bites you but does no damage.
The acid dragon claws you but does no damage.
You barely miss the acid dragon. You headbutt the acid dragon.
The acid dragon is severely wounded.
You slash the orc!
You kill the orc!
Trog accepts your kill. The acid dragon closely misses you.
The acid dragon claws you but does no damage.
You slice the acid dragon!!
You kill the acid dragon!
Trog accepts your kill.
You hit the ogre but do no damage. You headbutt the ogre.
The ogre is lightly wounded.
The ogre hits you with a +0 giant spiked club!
A red film seems to cover your vision as you go berserk!
You feel yourself moving faster!
You feel mighty!
The ogre hits you with a +0 giant spiked club!
The cyclops hits you!!
* * * LOW HITPOINT WARNING * * *
You slice the ogre!!
You feel the power of Trog in you as your rage grows.
You kill the ogre!
Trog accepts your kill.
You hit the cyclops.
Your Axes skill increases to level 10!
Your Armour skill increases to level 7!
You slash the cyclops!
The cyclops is lightly wounded.
The cyclops hits you but does no damage.
You slice the cyclops!!
The cyclops is severely wounded.
You barely miss the cyclops.
The cyclops is severely wounded.
The cyclops hits you!!
You die...

...##.##.#..#.......:..
..##.##...######### #
#.##.##.## #...).#.#
###.###.# #.#.##.#
#.#.#.#.# #..#)#...#
### #.# #@#.#.# #.. #.#
#)#C##.# ...# #.# ##)##
# ... ..


.oO ... #.C# ... #..# ### You could see a cyclops.

Vanquished Creatures
  A hornet (D:6)
  2 steam dragons
  An acid dragon (D:7)
  3 water moccasins
  A black bear (D:5)
  3 ice beasts
  4 ogres
  A centaur (D:6)
  A gnoll sergeant (D:6)
  A howler monkey (D:6)
  A hound (D:6)
  An orc priest (D:6)
  3 sleepcaps
  4 iguanas
  4 orc wizards
  5 gnolls (D:6)
  10 adders
  A shadow imp (D:4)
  2 white imps
  3 dart slugs
  A worm (D:2)
  17 orcs
  9 endoplasms
  2 giant cockroaches (D:1)
  12 goblins
  12 hobgoblins
  8 kobolds
  3 quokkas
  10 ball pythons
  2 bats
  3 frilled lizards (D:1)
  6 rats
137 creatures vanquished.

Vanquished Creatures (others)
  6 plants (D:4)
6 creatures vanquished.

Grand Total: 143 creatures vanquished

Notes
Turn   | Place    | Note
-------+----------+-------------------------------------------
     0 | D:1      | toffzen the Minotaur Berserker began the quest for the Orb.
     0 | D:1      | Reached XP level 1. HP: 19/19 MP: 0/0
   249 | D:1      | Reached XP level 2. HP: 27/27 MP: 1/1
   284 | D:1      | Reached skill level 4 in Axes
   607 | D:1      | Reached XP level 3. HP: 33/33 MP: 2/2
   764 | D:2      | Found a sacrificial altar of Ru.
   856 | D:2      | Reached ** piety under Trog
  1064 | D:2      | Found Nigaogh's Book Boutique.
  1373 | D:2      | Reached XP level 4. HP: 40/40 MP: 3/3
  1444 | D:2      | Upgraded the game from 0.30-a0-946-gec5dcfc036 to
                  | 0.30-a0-949-g53dc5368d7
  1478 | D:3      | Found a blossoming altar of Fedhas.
  1515 | D:3      | Found a faded altar of an unknown god.
  1594 | D:3      | You fall into a shaft and drop 3 floors!
  1603 | D:5      | Entered Level 5 of the Dungeon
  1604 | D:5      | Noticed an ice beast
  1684 | D:5      | Found a staircase to the Ecumenical Temple.
  1761 | D:5      | Found an ancient bone altar of Kikubaaqudgha.
  1761 | D:5      | Found a glowing golden altar of the Shining One.
  2174 | D:5      | Killed an ice beast
  2175 | D:5      | Reached skill level 5 in Axes
  2175 | D:5      | Reached XP level 5. HP: 16/47 MP: 4/4
  2314 | D:5      | Identified the +0 leather armour of Pecuqix {+Blink rElec
                  | Dex+5 Slay-6}
  2381 | D:5      | Noticed a black bear
  2384 | D:4      | Noticed an ogre
  2389 | D:4      | Killed an ogre
  2392 | D:4      | Reached XP level 6. HP: 36/55 MP: 5/5
  2523 | D:3      | Reached skill level 5 in Fighting
  2590 | D:3      | Reached skill level 6 in Axes
  2591 | D:3      | Found a stormy altar of Qazlal.
  3140 | D:4      | Noticed a steam dragon
  3148 | D:4      | Killed a steam dragon
  3346 | D:4      | Reached XP level 7. HP: 61/61 MP: 6/6
  3376 | D:4      | Reached *** piety under Trog
  3447 | D:4      | Found a transporter.
  3453 | D:4      | Found a transporter.
  3501 | D:4      | Found a basalt altar of Yredelemnul.
  3691 | D:4      | Identified the +0 kite shield of Tyin {Dex+6}
  3702 | D:4      | Noticed Nepie's ghost (weakling SpDe)
  3950 | D:5      | Reached skill level 7 in Axes
  4127 | D:5      | HP: 3/91 [ogre/+0 giant spiked club (14)]
  4129 | D:5      | Reached skill level 5 in Armour
  4639 | D:6      | Found a transporter.
  4643 | D:6      | Found a transporter.
  4655 | D:6      | Noticed Armakuni's ghost (novice HuAr)
  4761 | D:6      | Reached XP level 8. HP: 70/70 MP: 7/7
  4762 | D:6      | Reached skill level 5 in Dodging
  4775 | D:6      | Reached skill level 8 in Axes
  4805 | D:6      | Noticed a hornet
  4814 | D:6      | Killed a hornet
  5198 | D:6      | Reached skill level 9 in Axes
  5633 | D:7      | Reached XP level 9. HP: 79/79 MP: 8/8
  5730 | D:7      | Noticed a cyclops
  5740 | D:7      | Reached skill level 10 in Axes
  5742 | D:7      | Mangled by a cyclops

Illustrated notes

Levels and vault maps discovered:
D:1:      amcnicky_arrival_double_pillar, layout_loops_cross,
          minmay_misc_feat_tiny, minmay_door_square, minmay_hexomino_u4
D:2:      cheibrodos_greedy_goblins, layout_basic, serial_shops, shop,
          basic_altar, minmay_crystal_water
D:3:      layout_loops_ring, grunt_qazlal_clouds, lemuel_coloured_pillars_altar,
          shapermc_ecumenical_altar_mp_highgroup,
          minmay_fractal_squares_gapless_5
D:4:      layout_cave_pools, mainiacjoe_overflow_concentric_impassable,
          gammafunk_ghost_gnarly_gnolls
D:5:      layout_basic, grunt_temple_overflow_open,
          minmay_temple_entry_nine_rooms, minmay_misc_feat_nine_boxes,
          kennysheep_generic_room_8
D:6:      layout_cave_pools, gammafunk_ghost_hive
D:7:      minmay_the_grid_square_5x5_3x3 [minmay_the_grid_square_5x5_n_small,
          minmay_the_grid_square_5x5_detours, minmay_the_grid_square_5x5_n,
          minmay_the_grid_square_5x5_two_walls_a,
          minmay_the_grid_square_5x5_megaprize_checkered,
          minmay_the_grid_square_5x5_eight_small,
          minmay_the_grid_square_5x5_empty, minmay_the_grid_square_5x5_seven,
          minmay_the_grid_square_5x5_inverted_slash], layout_loops_ring

Skill      XL: |  1  2  3  4  5  6  7  8  9 |
---------------+----------------------------+-----
Axes           | 4 5 6 7 9 10 | 10.0
Fighting       | 4 5 6 7 |  7.6
Armour         | 3 4 5 6 7 |  7.0
Dodging        | 3 4 6 |  6.4

Action                     |  1- 3 |  4- 6 |  7- 9 || total
---------------------------+-------+-------+-------++-------
  Melee: Hand axe          |     7 |       |       ||     7
         War axe           |    56 |    10 |       ||    66
         Headbutt          |    14 |    14 |    24 ||    52
         Battleaxe         |       |    67 |   122 ||   189
 Invoke: Berserk           |       |     4 |     4 ||     8
         Trog's Hand       |       |     2 |     3 ||     5
    Use: Scroll            |       |     1 |     9 ||    10
         Potion            |       |       |     1 ||     1
   Stab: Sleeping          |     2 |       |       ||     2
 Armour: Animal skin       |    10 |     2 |       ||    12
         Ring mail         |       |     6 |       ||     6
         Plate armour      |       |       |    73 ||    73
         Scale mail        |       |       |     4 ||     4
  Dodge: Dodged            |    32 |    57 |    66 ||   155

Table legend: (Time is in decaauts)
 A = Elapsed time spent in this place.
 B = Non-inter-level travel time spent in this place.
 C = Inter-level travel time spent in this place.
 D = Time resting spent in this place.
 E = Time spent auto-exploring this place.
 F = Levels seen in this place.
 G = Mean time per level.
                   A        B        C        D        E       F      G
               +--------+--------+--------+--------+--------+-----+--------+
         Total |   5892 |   5731 |    161 |    880 |   3724 |   7 |  841.7 |
       Dungeon |   5892 |   5731 |    161 |    880 |   3724 |   7 |  841.7 |
               +--------+--------+--------+--------+--------+-----+--------+

Top non-repeatable levels by time:
     D:5: 1237 daAuts
     D:6: 1046 daAuts
     D:4: 1002 daAuts
     D:3: 915 daAuts
     D:2: 749 daAuts
     D:1: 724 daAuts
     D:7: 216 daAuts
